[Event "Early-Titled-Tuesday-Blitz-March-05-2024"]
[Site "Chess.com"]
[Date "2024.03.05"]
[Round "9"]
[White "cristianserban1"]
[Black "Mikhail_Golubev"]
[Result "1-0"]
[WhiteElo "2518"]
[BlackElo "2656"]
[TimeControl "180+1"]
[EndTime "9:45:26 PST"]
[Termination "cristianserban1 won by resignation"]

1. Nf3 d6 2. d4 Nf6 3. c4 g6 4. Nc3 Bg7 5. e4 O-O 6. Be2 e5 7. O-O Nc6 8. d5 Ne7 9. b4 Ne8 10. a4 f5 11. a5 Nf6 12. Nd2 f4 13. c5 g5 14. f3 Ng6 15. Ba3 Rf7 16. b5 Bf8 17.
cxd6 Bxd6 18. Nc4 Bxa3 19. Rxa3 Qf8 20. Kh1 h5 21. Rb3 g4 22. b6 axb6 23. axb6 g3 24. bxc7 h4 25. h3 Bxh3 26. gxh3 g2+ 27. Kxg2 Rg7 28. Kh2 Nh8 29. Nb6 Rg3 30. Rg1 Nf7 31.
Rxg3+ hxg3+ 32. Kg2 Ng5 33. Nxa8 Qxa8 34. Qh1 Kg7 35.
h4 Qa7 36. Qg1 Qa8 37. hxg5 Nh7 38. Qh1 Qa7 39. Qh6+ 1-0

[Event "Early-Titled-Tuesday-Blitz-March-05-2024"]
[Site "Chess.com"]
[Date "2024.03.05"]
[Round "9"]
[White "shirovin"]
[Black "fandebobbyfischer"]
[Result "0-1"]
[WhiteElo "2059"]
[BlackElo "2690"]
[TimeControl "180+1"]
[EndTime "9:45:26 PST"]
[Termination "fandebobbyfischer won by resignation"]

1. c4 e5 2. g3 Nf6 3. Bg2 c6 4. Nc3 d5 5. cxd5 cxd5 6. d4 exd4 7. Qxd4 Nc6 8. Qd1 d4 9. Ne4 Be7 10. Nxf6+ Bxf6 11. Nf3 O-O 12. O-O Bf5 13. h3 Re8 14. g4 Bg6 15. Bf4 Qb6 16. g5 Be7 17. b3 Rad8 18. Ne5 Nxe5 19. Bxe5 Bxg5 20. f4 d3+ 21.
Kh2 Bh5 22. Bf3 Bxf4+ 23. Bxf4 dxe2 24. Qc2 exf1=N+ 25. Rxf1 Bxf3 26. Rxf3 Qc6 27. Qg2 Re6 28. Bg5 Rde8 29. Rf2 Qxg2+ 30. Kxg2 Rg6 31. h4 h6 32.
Kf3 hxg5 33. Re2 Rf6+ 0-1

[Event "Early-Titled-Tuesday-Blitz-March-05-2024"]
[Site "Chess.com"]
[Date "2024.03.05"]
[Round "9"]
[White "ChristianArca"]
[Black "chess123456s"]
[Result "0-1"]
[WhiteElo "2689"]
[BlackElo "2582"]
[TimeControl "180+1"]
[EndTime "9:45:28 PST"]
[Termination "chess123456s won by resignation"]

1. d4 d5 2. c4 c6 3. Nc3 Nf6 4. Nf3 e6 5. g3 dxc4 6. a4 Nbd7 7.
Bg2 Bb4 8. O-O O-O 9. Nd2 e5 10. Nxc4 exd4 11. Qxd4 Qe7 12. e4 Bc5 13. Qd3 Rd8 14.
Qe2 Ne5 15. Nxe5 Qxe5 16. Bf4 Qh5 17. Qc2 Bh3 18. Kh1 Ng4 19. f3 Nxh2 20. g4 Nxg4 21. fxg4 Bxg4+ 22. Bh2 Bd6 23. e5 Bxe5 24. Be4 f5 25. Rxf5 Bxf5 26. Bxf5 Bxh2 27. Be6+ Kh8 28. Qxh2 Qxh2+ 29. Kxh2 Rd2+ 30. Kh1 Re8 31. Rb1 0-1

[Event "Early-Titled-Tuesday-Blitz-March-05-2024"]
[Site "Chess.com"]
[Date "2024.03.05"]
[Round "9"]
[White "lamomiajunior"]
[Black "MasterKroket"]
[Result "0-1"]
[WhiteElo "2704"]
[BlackElo "2501"]
[TimeControl "180+1"]
[EndTime "9:45:28 PST"]
[Termination "MasterKroket won by resignation"]

1. d4 Nf6 2. c4 g6 3. Nc3 Bg7 4. e4 O-O 5. h3 d6 6. Be3 e5 7. d5 a5 8. g4 Na6 9. Qd2 Ne8 10. f3 Nc5 11. h4 f5 12. g5 fxe4 13. fxe4 Bg4 14.
Bh3 Qc8 15. Bxc5 dxc5 16. Qg2 Bxh3 17. Rxh3 Nd6 18. b3 Qd7 19. h5 Rf7 20. hxg6 hxg6 21. Nf3 Raf8 22. Ke2 b5 23. Rah1 b4 24. Qh2 Rf4 25.
Nxe5 Bxe5 26. Rh8+ Kf7 27. Qxf4+ Bxf4 28. R1h7+ Ke8 29. Rxf8+ Kxf8 30. Rxd7 bxc3 31. Kd3 Nxe4 32. Rh7 Nxg5 33. Rh1 Bd2 34. Rg1 Kf7 35. Rf1+ Kg7 36.
a3 Nf7 37. Rg1 Kf6 38. Rf1+ Ke7 39. Rg1 g5 40. Ke2 Kd6 41. Rf1 Ne5 42. Rf6+ Kd7 43. Kd1 g4 44. Re6 Nf3 45. Rg6 Nd4 46. Rxg4 Be3 47.
Rg2 c2+ 48. Rxc2 Nxc2 49. Kxc2 Kd6 50. Kc3 Bd4+ 51. Kd3 Bf6 52. Ke4 Bb2 53. a4 Ke7 54. Kf5 Kf7 55. Kg5 Be5 56. Kf5 Bd6 57. Kg5 Be7+ 58.
Kf5 Bf6 59. Kf4 Kg6 60. Ke4 Kg5 61. d6 cxd6 62. Kd5 Bc3 63. Kc6 Bb4 64. Kxd6 Kf4 0-1

[Event "Early-Titled-Tuesday-Blitz-March-05-2024"]
[Site "Chess.com"]
[Date "2024.03.05"]
[Round "9"]
[White "cristiano78"]
[Black "verrbaa"]
[Result "1/2-1/2"]
[WhiteElo "2292"]
[BlackElo "2507"]
[TimeControl "180+1"]
[EndTime "9:45:29 PST"]
[Termination "Game drawn by repetition"]

1. d4 Nf6 2. c4 e6 3. Nf3 d5 4. Nc3 Bb4 5. Bg5 h6 6. Bxf6 Qxf6 7. Rc1 O-O 8. Ne5 c5 9. e3 cxd4 10. Qxd4 dxc4 11. Qxc4 Qxe5 12. Qxb4 Nc6 13. Qe4 Rd8 14. Bb5 Qxe4 15. Nxe4 Nb4 16. a3 Nd5 17. Ke2 a6 18. Bc4 Nb6 19. Ba2 Bd7 20. Rhd1 Bb5+ 21. Ke1 Rxd1+ 22.
Rxd1 Rc8 23. Nd6 Rc2 24. Nxb5 axb5 25. Rd2 Rc1+ 26. Ke2 g6 27. Rd1 Rc2+ 28. Rd2 Rc1 29.
Bb3 Kg7 30. e4 Nc4 31. Bxc4 bxc4 32. Rd1 Rc2+ 33. Rd2 Rc1 34. f4 c3 35. bxc3 Rxc3 36.
Rb2 Rxa3 37. Rxb7 g5 38. fxg5 hxg5 39. h3 Kg6 40. Rb5 Rc3 41. Kf2 Ra3 42. Ke2 Rc3 43.
Kf2 Ra3 44. Ke2 1/2-1/2

[Event "Early-Titled-Tuesday-Blitz-March-05-2024"]
[Site "Chess.com"]
[Date "2024.03.05"]
[Round "9"]
[White "Firouzja2003"]
[Black "Oleksandr_Bortnyk"]
[Result "1-0"]
[WhiteElo "3228"]
[BlackElo "2984"]
[TimeControl "180+1"]
[EndTime "9:45:30 PST"]
[Termination "Firouzja2003 won by checkmate"]

1. e4 Nf6 2. e5 Nd5 3. d4 d6 4. c4 Nb6 5. exd6 exd6 6. h3 Be7 7. Nf3 O-O 8. Bd3 Nc6 9. Nc3 Nb4 10. Bb1 Bf6 11. O-O Re8 12. Ne4 Bf5 13. Nxd6 Qxd6 14.
Bxf5 Nxc4 15. a3 Qd5 16. Bxh7+ Kxh7 17. axb4 a6 18. Bf4 c6 19. b3 Nd6 20. Rc1 Ne4 21.
Qd3 Rad8 22. Rc5 Qd7 23. Be5 Qf5 24. Bxf6 Qxf6 25. Ng5+ Kg8 26. Nxe4 Qg6 27. f3 Re6 28. Rg5 Qh6 29. Rc5 Qg6 30. Qd2 f5 31. Qg5 Qxg5 32. Nxg5 Re3 33. Re5 Rxb3 34. Rfe1 Rxb4 35. Re8+ Rxe8 36. Rxe8# 1-0

[Event "Early-Titled-Tuesday-Blitz-March-05-2024"]
[Site "Chess.com"]
[Date "2024.03.05"]
[Round "9"]
[White "Cheer_Down"]
[Black "LangesNasenhaar"]
[Result "1/2-1/2"]
[WhiteElo "2419"]
[BlackElo "2511"]
[TimeControl "180+1"]
[EndTime "9:45:30 PST"]
[Termination "Game drawn - insufficient material"]

1. e4 g6 2. d4 Bg7 3. Nc3 c6 4. Nf3 d5 5. h3 Nf6 6. e5 Ne4 7.
Bd3 Nxc3 8. bxc3 c5 9. dxc5 Nc6 10. Bf4 Qa5 11. Qd2 Qxc5 12. O-O O-O 13. Rab1 Qa5 14. Rfe1 a6 15. Bh6 Qc7 16. Qf4 Be6 17. Qh4 Nxe5 18. Nxe5 Bxe5 19. Bxf8 Rxf8 20. c4 dxc4 21. Bxc4 Bxc4 22.
Rxe5 Qxe5 23. Qxc4 b5 24. Qc6 Qf6 25. Qxf6 exf6 26. a4 Rb8 27. axb5 axb5 28. Rb4 Rc8 29. Rxb5 Rxc2 30. g3 Kg7 31. h4 h6 32. Kg2 h5 33.
Ra5 f5 34. Ra4 Rc6 35. Rb4 Kf6 36. Ra4 Re6 37. Rb4 Kg7 38. Ra4 f6 39. Ra7+ Kh6 40.
Ra4 g5 41. Rb4 gxh4 42. Rxh4 Re4 43. Kf3 Rg4 44. Rh1 Kg5 45. Ra1 f4 46. Ra5+ f5 47.
Ra8 fxg3 48. fxg3 h4 49. Rg8+ Kf6 50. Rxg4 fxg4+ 51. Kxg4 hxg3 52. Kxg3 1/2-1/2

[Event "Early-Titled-Tuesday-Blitz-March-05-2024"]
[Site "Chess.com"]
[Date "2024.03.05"]
[Round "9"]
[White "Lennis93"]
[Black "Actuary44"]
[Result "1-0"]
[WhiteElo "2705"]
[BlackElo "2543"]
[TimeControl "180+1"]
[EndTime "9:45:32 PST"]
[Termination "Lennis93 won by resignation"]

1. a3 d6 2. d4 Nf6 3. Nf3 g6 4. Nc3 Bg7 5. e4 O-O 6. h3 c5 7. dxc5 dxc5 8. Qxd8 Rxd8 9. Be3 b6 10. Bc4 Bb7 11. e5 Nd5 12. O-O-O e6 13. Bg5 Re8 14.
Nxd5 exd5 15. Bxd5 Bxd5 16. Rxd5 Nc6 17. Re1 h6 18. Bf4 Re6 19. h4 Rae8 20. Re3 Rd8 21. c4 Kf8 22. Red3 Ke8 23. Kd2 Re7 24. Kc3 Red7 25.
b4 cxb4+ 26. axb4 Bf8 27. b5 Ne7 28. Rxd7 Rxd7 29. Nd4 Bg7 30. Bg3 g5 31. h5 f5 32.
f4 gxf4 33. Bxf4 Rc7 34. Ne6 1-0

[Event "Early-Titled-Tuesday-Blitz-March-05-2024"]
[Site "Chess.com"]
[Date "2024.03.05"]
[Round "9"]
[White "ritanovikova"]
[Black "maurovargas01"]
[Result "1-0"]
[WhiteElo "2186"]
[BlackElo "1838"]
[TimeControl "180+1"]
[EndTime "9:45:35 PST"]
[Termination "ritanovikova won on time"]

1. e4 c6 2. d4 d5 3. Nd2 dxe4 4.
Nxe4 Nf6 5. Nxf6+ exf6 6. Nf3 Bd6 7. Bd3 O-O 8. O-O Re8 9. Be3 Bg4 10. Be2 Nd7 11.
h3 Bh5 12. Qd2 Nf8 13. Rfe1 Ne6 14. g3 Bc7 15. c3 Qd6 16. Nh4 Bxe2 17. Qxe2 Ng5 18.
Kg2 Qd7 19. Qg4 Ne6 20. Nf5 g6 21. Nh4 h5 22. Qf3 Ng5 23. Qxf6 Qxh3+ 24. Kg1 Bxg3 25. fxg3 Qxg3+ 26. Kf1 Qxh4 27. Qxg5 Qh3+ 28. Kf2 Qh2+ 29. Qg2 Qh4+ 30. Kg1 Re4 31. Bf2 Qf6 32. Rxe4 Rf8 33. Bh4 Qf5 34. Rae1 c5 35. Re5 1-0

[Event "Early-Titled-Tuesday-Blitz-March-05-2024"]
[Site "Chess.com"]
[Date "2024.03.05"]
[Round "9"]
[White "tusplingher"]
[Black "MathiasWomacka"]
[Result "1/2-1/2"]
[WhiteElo "2445"]
[BlackElo "2516"]
[TimeControl "180+1"]
[EndTime "9:45:36 PST"]
[Termination "Game drawn by repetition"]

1. e4 c5 2. Nf3 d6 3. Bb5+ Nd7 4. d4 cxd4 5. Qxd4 a6 6. Bxd7+ Bxd7 7.
O-O e5 8. Qd3 h6 9. c4 Rc8 10.
Nc3 Qc7 11. b3 b5 12. Nd5 Qb7 13. Be3 Nf6 14. Nb6 Rd8 15. Nxd7 Rxd7 16. cxb5 axb5 17. Nd2 Be7 18. a4 bxa4 19. bxa4 O-O 20. Rfb1 Qa8 21. Rb5 Rfd8 22. Bb6 Rc8 23. f3 Bd8 24. Bxd8 Rcxd8 25. Nc4 Qc6 26. Ne3 d5 27. exd5 Nxd5 28. Nxd5 Rxd5 29.
Rxd5 Rxd5 30. Qe3 Ra5 31. h3 Rxa4 32. Rxa4 Qxa4 33. Qxe5 g6 34. Qb8+ Kg7 35. Qe5+ Kg8 36. Qb8+ Kg7 37. Qe5+ Kg8 1/2-1/2

[Event "Early-Titled-Tuesday-Blitz-March-05-2024"]
[Site "Chess.com"]
[Date "2024.03.05"]
[Round "9"]
[White "aridannie"]
[Black "only_strong_moves"]
[Result "1-0"]
[WhiteElo "2481"]
[BlackElo "2573"]
[TimeControl "180+1"]
[EndTime "9:45:38 PST"]
[Termination "aridannie won by checkmate"]

1. d3 d5 2. Nd2 Nf6 3. e4 e6 4. Ngf3 dxe4 5. dxe4 Nc6 6. g3 e5 7.
Bc4 Bc5 8. c3 O-O 9. Qe2 Bh3 10.
Nf1 Ng4 11. Ne3 Qf6 12. Nh4 Nxe3 13. Bxe3 Bxe3 14. Qxe3 Rad8 15. f3 g5 16. Nf5 Bxf5 17. exf5 Qxf5 18. O-O Kh8 19. Rad1 f6 20. Bd3 Qe6 21.
Bb1 b6 22. Qe4 f5 23. Rxd8 fxe4 24. Rxf8+ Kg7 25. fxe4 Ne7 26. b3 c5 27. Bd3 Qd6 28.
Bc4 Ng6 29. R8f7+ Kh6 30. Rxa7 Qd2 31. Bg8 g4 32. Rxh7+ Kg5 33. Rf5# 1-0

[Event "Early-Titled-Tuesday-Blitz-March-05-2024"]
[Site "Chess.com"]
[Date "2024.03.05"]
[Round "9"]
[White "Flaccidmoves"]
[Black "averageFM"]
[Result "1-0"]
[WhiteElo "2468"]
[BlackElo "2593"]
[TimeControl "180+1"]
[EndTime "9:45:38 PST"]
[Termination "Flaccidmoves won by resignation"]

1. c4 Nf6 2. Nc3 e6 3. e4 d5 4. e5 d4 5. exf6 dxc3 6. bxc3 Qxf6 7. Bd3 Bd7 8. Be4 Bc6 9. Qe2 Qe5 10. Bxc6+ Nxc6 11.
Nf3 Qxe2+ 12. Kxe2 O-O-O 13. d4 Na5 14. Ne5 Re8 15.
Nxf7 Rg8 16. Kd3 Bd6 17. c5 Rgf8 18. Nxd6+ cxd6 19. cxd6 Rxf2 20. Bg5 Kd7 21. Rhf1 Ref8 22. Rxf2 Rxf2 23. Bh4 Rxg2 24. Bg3 Nc6 25. Rf1 Nd8 26. Rf8 Rxa2 27. Rg8 Nc6 28. Rxg7+ Kc8 29. d7+ Kd8 30. Bh4+ 1-0

[Event "Early-Titled-Tuesday-Blitz-March-05-2024"]
[Site "Chess.com"]
[Date "2024.03.05"]
[Round "9"]
[White "WilsonPalencia21"]
[Black "annamaja"]
[Result "1-0"]
[WhiteElo "2578"]
[BlackElo "2445"]
[TimeControl "180+1"]
[EndTime "9:45:39 PST"]
[Termination "WilsonPalencia21 won by resignation"]

1. d4 d5 2. c4 c6 3. Nf3 Nf6 4. Nc3 e6 5. Bg5 Nbd7 6. e3 Bd6 7.
Qc2 h6 8. Bxf6 Qxf6 9. O-O-O O-O 10. e4 dxe4 11. Nxe4 Bf4+ 12. Kb1 Qe7 13. Bd3 b6 14.
Rhe1 Bb7 15. c5 bxc5 16. dxc5 f5 17. Nd6 Nxc5 18. Nxf5 Qf6 19. Qxc5 exf5 20. Qc4+ Kh8 21. Qxf4 c5 22. Ne5 Rad8 23. Bc2 Bd5 24. h4 Qa6 25.
Qa4 Qb7 26. h5 Rf6 27. Ng6+ Kh7 28. Re7 Be4 29. Rxd8 1-0

[Event "Early-Titled-Tuesday-Blitz-March-05-2024"]
[Site "Chess.com"]
[Date "2024.03.05"]
[Round "9"]
[White "Cambek64"]
[Black "chess94cu"]
[Result "0-1"]
[WhiteElo "2453"]
[BlackElo "2637"]
[TimeControl "180+1"]
[EndTime "9:45:41 PST"]
[Termination "chess94cu won on time"]

1. b3 d6 2. Bb2 e5 3. d4 exd4 4. Qxd4 Nf6 5. Nc3 Nc6 6. Qd2 g6 7. O-O-O Bg7 8. e4 O-O 9. Kb1 a5 10. a4 Nb4 11. f3 Be6 12. Nge2 d5 13. exd5 Nfxd5 14. Nd4 Nxc3+ 15. Qxc3 c5 16. Qxc5 Rc8 17. Qa7 Nc6 18. Qxb7 Nxd4 19. Bd3 Qg5 20. g4 Rb8 21. Qe4 Nxb3 22. cxb3 Rxb3 23. Qe2 Rxb2+ 24. Qxb2 Bxb2 25. Kxb2 Rb8+ 26. Kc3 Rb3+ 27. Kc2 Ra3 28. Ra1 Qc5+ 29. Kd2 Qf2+ 30. Be2 Qd4+ 0-1

[Event "Early-Titled-Tuesday-Blitz-March-05-2024"]
[Site "Chess.com"]
[Date "2024.03.05"]
[Round "9"]
[White "CaspiIsrael"]
[Black "BrandonJiang123456"]
[Result "1-0"]
[WhiteElo "2672"]
[BlackElo "2163"]
[TimeControl "180+1"]
[EndTime "9:45:43 PST"]
[Termination "CaspiIsrael won by resignation"]

1. e4 e5 2. Nc3 Nf6 3. g3 Nc6 4. Bg2 Bc5 5. d3 O-O 6. Nge2 d6 7. h3 Be6 8. O-O d5 9. exd5 Nxd5 10. Kh2 f6 11. a3 Qd7 12. b4 Be7 13. Bb2 a5 14. b5 Nd4 15. Nxd4 exd4 16. Nxd5 Bxd5 17. a4 Bxg2 18. Kxg2 Qd5+ 19. Qf3 Qxf3+ 20. Kxf3 Rfd8 21. Rfe1 Bb4 22. Re4 Bc5 23. Rae1 Kf7 24. g4 Rac8 25. Re6 Rd5 26. R1e4 Rcd8 27. h4 Bb6 28. Kg3 R8d7 29. Re8 Bc5 30. Rb8 b6 31. f4 R5d6 32. f5 Re7 33.
Kf3 Rxe4 34. Kxe4 Rd7 35. Rc8 Ke7 36. Rh8 h6 37. Bc1 Kd6 38. Bf4+ Ke7 39. Rc8 Bd6 40.
Bxd6+ Kxd6 41. Kxd4 Ke7+ 42. Ke4 Kf7 43. c4 Ke7 44. d4 Kd6 45. Re8 Rf7 46. Re6+ Kd7 47. c5 bxc5 48. dxc5 Rf8 49. Ra6 Re8+ 50. Kd4 Re1 51.
Rxa5 Rd1+ 52. Ke3 Rc1 53. c6+ Kd6 54. Ra8 Rc3+ 55. Kd4 Rg3 56. Rd8+ Ke7 57. Rd7+ Ke8 58. Rxc7 Rxg4+ 59. Kd5 Rxa4 60. b6 Ra1 61. b7 Rd1+ 62.
Kc5 Rc1+ 63. Kd4 Rd1+ 64. Ke4 Rd8 65. Rc8 1-0

[Event "Early-Titled-Tuesday-Blitz-March-05-2024"]
[Site "Chess.com"]
[Date "2024.03.05"]
[Round "9"]
[White "bazar-wokzal"]
[Black "margarita_2703"]
[Result "1-0"]
[WhiteElo "2573"]
[BlackElo "2380"]
[TimeControl "180+1"]
[EndTime "9:45:45 PST"]
[Termination "bazar-wokzal won by resignation"]

1. e4 e5 2. Bc4 Nf6 3. d3 Bc5 4.
Nf3 Nc6 5. Bg5 h6 6. Bh4 O-O 7. Nc3 Be7 8. Qe2 d6 9. h3 Na5 10. O-O-O c6 11. g4 Nxc4 12. dxc4 Nh7 13. Bxe7 Qxe7 14. Qd3 Rd8 15. c5 Be6 16. cxd6 Qf6 17. Ne2 Rd7 18. Ng3 Qf4+ 19. Kb1 g6 20. Qc3 Rad8 21.
Ne2 Qxe4 22. Ng3 Qf4 23. Nxe5 Rxd6 24. Nd3 Qc4 25. Qa3 a6 26. b3 Qc3 27. Ne4 Qd4 28. Nxd6 Qxd6 29. Qxd6 Rxd6 30. Nc5 Rd5 31. Nxb7 Nf6 32. c4 Re5 33. Rhe1 Ne4 34. Kc2 f6 35. f4 1-0

[Event "Early-Titled-Tuesday-Blitz-March-05-2024"]
[Site "Chess.com"]
[Date "2024.03.05"]
[Round "9"]
[White "Qvalda"]
[Black "thebeast2900"]
[Result "1-0"]
[WhiteElo "2435"]
[BlackElo "2314"]
[TimeControl "180+1"]
[EndTime "9:45:48 PST"]
[Termination "Qvalda won on time"]

1. d4 Nf6 2. c4 e6 3. Bf4 c5 4. d5 exd5 5. cxd5 d6 6. Nc3 a6 7. a4 g6 8. Nf3 Bg7 9. h3 O-O 10. e3 Nbd7 11. Be2 Ne8 12. O-O b6 13. Nd2 Ne5 14. Qb3 f5 15. Bxe5 dxe5 16. Nc4 Rb8 17. Na5 Bd7 18. Nc6 Bxc6 19. dxc6+ Kh8 20.
Bxa6 Qc7 21. Bb5 e4 22. Rfd1 Nd6 23. Rd5 Rbd8 24. Rad1 Nc8 25. Rd7 Rxd7 26. Rxd7 Qe5 27. Qd1 Re8 28. Rd8 Na7 29. Rxe8+ Qxe8 30. c7 Qc8 31. Qd8+ Bf8 32. Bd7 1-0

[Event "Early-Titled-Tuesday-Blitz-March-05-2024"]
[Site "Chess.com"]
[Date "2024.03.05"]
[Round "9"]
[White "CarlosjPineror"]
[Black "stollenmonster"]
[Result "0-1"]
[WhiteElo "2737"]
[BlackElo "2896"]
[TimeControl "180+1"]
[EndTime "9:45:49 PST"]
[Termination "stollenmonster won on time"]

1. e4 c5 2. Nf3 Nf6 3. Qe2 Nc6 4.
c3 g6 5. g3 Bg7 6. Bg2 O-O 7. O-O e5 8. d4 cxd4 9. cxd4 exd4 10.
Re1 Re8 11. Qd3 d5 12. exd5 Rxe1+ 13. Nxe1 Nxd5 14. Na3 Ndb4 15. Qd1 Bf5 16. Bf4 d3 17. Qd2 Nc2 18. Rb1 Qd4 19. Nb5 Qc5 20. Nd6 Nxe1 21. Rxe1 Nd4 22. Nxf5 Qxf5 23. b3 h5 24. Be3 Rc8 25.
Rd1 Rc3 26. Kh1 Nf3 0-1

[Event "Early-Titled-Tuesday-Blitz-March-05-2024"]
[Site "Chess.com"]
[Date "2024.03.05"]
[Round "9"]
[White "bancsoo"]
[Black "NikitaShnadrygin"]
[Result "1-0"]
[WhiteElo "2912"]
[BlackElo "2622"]
[TimeControl "180+1"]
[EndTime "9:45:49 PST"]
[Termination "bancsoo won by resignation"]

1. d4 d5 2. Nf3 Nc6 3. e3 Bg4 4. Bb5 e6 5. Nbd2 Bd6 6. c4 dxc4 7. Nxc4 Ne7 8. h3 Bh5 9. O-O O-O 10. Nxd6 cxd6 11. Be2 d5 12. Bd2 Qb6 13. b4 Rac8 14. Qb3 Bg6 15. Rfc1 Nf5 16. a4 a6 17. a5 Qa7 18. b5 axb5 19. Qxb5 Nd6 20. Qb6 Qxb6 21.
axb6 Ra8 22. Rxa8 Rxa8 23. Ne5 Nxe5 24. dxe5 Nc4 25. Bxc4 dxc4 26. Rxc4 Bd3 27. Rc7 Be4 28. f3 Bc6 29. Bc3 h6 30. Bd4 Ra5 31. h4 h5 32.
Kh2 Rb5 33. Kg3 Bd5 34. Kf4 Rb1 35. Kg5 Rg1 36. e4 Rxg2+ 37. Kf4 Bc4 38. Rxc4 1-0

[Event "Early-Titled-Tuesday-Blitz-March-05-2024"]
[Site "Chess.com"]
[Date "2024.03.05"]
[Round "9"]
[White "wild3000"]
[Black "eagleclaw07"]
[Result "0-1"]
[WhiteElo "2492"]
[BlackElo "2819"]
[TimeControl "180+1"]
[EndTime "9:45:49 PST"]
[Termination "eagleclaw07 won by resignation"]

1. d4 Nc6 2. Nf3 d6 3. e4 e5 4. dxe5 Nxe5 5. Nxe5 dxe5 6. Qxd8+ Kxd8 7. Bd3 c6 8. O-O Kc7 9. f4 Bc5+ 10. Kh1 Nf6 11.
Nc3 Ng4 12. Nd1 f6 13. h3 h5 14. fxe5 Nxe5 15. Bf4 Bd6 16. Ne3 Be6 17. b3 Rad8 18. Rad1 Rd7 19. Nf5 Bxf5 20. exf5 Nxd3 21. Rxd3 Bxf4 22.
Rxd7+ Kxd7 23. Rxf4 Re8 24. Rh4 Re2 25. Rxh5 Re7 26.
Rh4 Re2 27. Rh7 Re7 28. Rh4 Ke8 29. Rc4 Re5 30. g4 Re2 31. Kg1 Kd7 32. a4 b6 33.
h4 c5 34. Rc3 Kd6 35. Kf1 Rh2 36. h5 Ke5 37. Rc4 Rd2 38. Ke1 Rd4 39. Rxd4 cxd4 40. Kd2 Kf4 41. Kd3 Kxg4 42. Kxd4 Kxf5 43. c4 a5 44. b4 axb4 45. c5 bxc5+ 46. Kxc5 b3 47.
a5 b2 48. a6 b1=Q 49. a7 Qe4 0-1

[Event "Early-Titled-Tuesday-Blitz-March-05-2024"]
[Site "Chess.com"]
[Date "2024.03.05"]
[Round "9"]
[White "GlavkonVVS"]
[Black "Harry_Rakkel"]
[Result "0-1"]
[WhiteElo "2554"]
[BlackElo "2690"]
[TimeControl "180+1"]
[EndTime "9:45:50 PST"]
[Termination "Harry_Rakkel won by resignation"]

1. c4 e5 2. Nc3 Nf6 3. g3 Bb4 4. Bg2 O-O 5. Nf3 Re8 6. O-O Bxc3 7. bxc3 d6 8. d3 h6 9. Rb1 Nbd7 10. Nh4 Nc5 11. e4 Qd7 12. Nf5 Qa4 13. Qd2 Bxf5 14. exf5 e4 15. d4 Nd3 16. Rxb7 Qxc4 17. h3 Reb8 18. Rb3 Rxb3 19. axb3 Qxb3 20. Bxe4 Nxe4 21.
Qxd3 d5 22. Bf4 a5 23. Rb1 Qxc3 24. Qb5 c6 25. Qb7 Rf8 26. Rc1 Qxd4 27. Be3 Qe5 28. Rxc6 Nxg3 29. Rc8 Rxc8 30. Qxc8+ Kh7 31. f6 Nf5 32.
Bc5 Qxf6 33. Qa8 Qg5+ 34. Kh2 Qf4+ 35. Kg1 Qc1+ 0-1

[Event "Early-Titled-Tuesday-Blitz-March-05-2024"]
[Site "Chess.com"]
[Date "2024.03.05"]
[Round "9"]
[White "Rawnsdale"]
[Black "Chernov_Alexander_A"]
[Result "1-0"]
[WhiteElo "2500"]
[BlackElo "2349"]
[TimeControl "180+1"]
[EndTime "9:45:50 PST"]
[Termination "Rawnsdale won by checkmate"]

1. e4 d6 2. Nf3 Nf6 3. Nc3 Nbd7 4. d4 e5 5. g4 Nxg4 6. Rg1 Ngf6 7. Bc4 exd4 8.
Qxd4 c5 9. Qd3 h6 10. Bf4 a6 11. Bxd6 b5 12. Bd5 Nxd5 13. Qxd5 Bxd6 14. Qxa8 O-O 15.
O-O-O Bf4+ 16. Kb1 Qe7 17. Qc6 Ne5 18. Nxe5 Qxe5 19.
Nd5 Be6 20. Qxc5 Qb8 21. Nf6+ Kh8 22. Nd7 Qc8 23. Qd4 Bxd7 24. Qxg7# 1-0

[Event "Early-Titled-Tuesday-Blitz-March-05-2024"]
[Site "Chess.com"]
[Date "2024.03.05"]
[Round "9"]
[White "Ducke13"]
[Black "Manukyan_Artak"]
[Result "1-0"]
[WhiteElo "2387"]
[BlackElo "2513"]
[TimeControl "180+1"]
[EndTime "9:45:52 PST"]
[Termination "Ducke13 won by resignation"]

1. Nf3 g6 2. c4 Bg7 3. Nc3 d6 4.
g3 Nf6 5. Bg2 O-O 6. d4 c5 7.
O-O Nc6 8. d5 Ne5 9. Nxe5 dxe5 10.
h3 Ne8 11. Be3 b6 12. d6 Rb8 13. dxe7 Qxe7 14. Nd5 Qd8 15. Qd2 f6 16. Rad1 Be6 17.
Bh6 Nc7 18. Qc1 Bxd5 19. Bxd5+ Nxd5 20. Rxd5 Qe7 21. Rfd1 Rfd8 22. Bxg7 Kxg7 23. h4 Rxd5 24. Rxd5 Rd8 25. Qd2 Rxd5 26. Qxd5 Qf7 27. e4 h5 28. a4 Qe7 29. Kg2 f5 30. exf5 gxf5 31. Kh3 Kf6 32.
Qd2 Kg6 33. Qd5 e4 34. Kg2 Qf6 35. b3 Qc3 36. Qg8+ Qg7 37. Qe8+ Qf7 38. Qd8 Qb7 39. Qg5+ Kf7 40. Qxf5+ Ke7 41. Qe5+ Kf8 42. Qh8+ 1-0

[Event "Early-Titled-Tuesday-Blitz-March-05-2024"]
[Site "Chess.com"]
[Date "2024.03.05"]
[Round "9"]
[White "bulletteemo"]
[Black "MyDream003"]
[Result "0-1"]
[WhiteElo "2595"]
[BlackElo "2764"]
[TimeControl "180+1"]
[EndTime "9:45:54 PST"]
[Termination "MyDream003 won on time"]

1. e4 g6 2. d4 Bg7 3. Nc3 a6 4. Be3 b5 5. Qd2 Bb7 6. Nf3 d6 7. h4 h6 8. a3 Nd7 9. O-O-O Nb6 10. h5 g5 11. Bd3 e6 12. Nh2 Nf6 13. f3 Qe7 14.
Qe2 O-O-O 15. Ng4 Kb8 16. Nxf6 Bxf6 17. g4 Rhg8 18. Rhe1 Rgf8 19. Qf2 Bg7 20. Kb1 Rfe8 21. Ne2 Rf8 22. d5 Na4 23. Bd4 Bxd4 24. Qxd4 e5 25.
Qe3 Nc5 26. Ng3 f6 27. Nf5 Qh7 28. c4 Nxd3 29. Qxd3 bxc4 30. Qxc4 Ka8 31. Rc1 Rc8 32. Re3 c6 33. Qb4 cxd5 34. Rxc8+ Rxc8 35. Nxd6 Rb8 36. Rb3 d4 37. Qb6 Qd7 38. Nc4 Qe7 39. Na5 Bxe4+ 40. fxe4 Rxb6 41. Rxb6 Qc5 42. Rxa6+ Kb8 43. Rxf6 d3 44.
Nb3 Qc2+ 45. Ka2 d2 46. Nxd2 Qxd2 47. Rxh6 Qf4 48. Rh8+ Kb7 49. Rh7+ Kb6 50. Rh6+ Kb5 51. Rh8 Qxe4 52. Rb8+ Kc6 53. h6 Qc4+ 54. Ka1 Qf7 55. a4 e4 56. a5 e3 57. a6 e2 0-1

[Event "Early-Titled-Tuesday-Blitz-March-05-2024"]
[Site "Chess.com"]
[Date "2024.03.05"]
[Round "9"]
[White "Miguelito"]
[Black "rnanjo"]
[Result "1-0"]
[WhiteElo "2809"]
[BlackElo "2565"]
[TimeControl "180+1"]
[EndTime "9:45:54 PST"]
[Termination "Miguelito won by resignation"]

1. Nf3 d5 2. e3 Nf6 3. b3 Bf5 4. Be2 e6 5. Nh4 Bg6 6. d3 c5 7. Nd2 Nc6 8. Bb2 Bd6 9. g3 Qe7 10. Bf3 O-O 11. Nxg6 fxg6 12. O-O Be5 13. c3 Bd6 14. c4 Ne5 15. Qe2 Nxf3+ 16. Nxf3 Rae8 17. e4 Bc7 18. exd5 exd5 19. Qxe7 Rxe7 20. Rae1 Rfe8 21. Rxe7 Rxe7 22. Re1 Rxe1+ 23. Nxe1 dxc4 24. dxc4 Kf7 25. Nd3 Nd7 26. Kg2 Bd6 27. f4 h6 28. Kf3 g5 29.
fxg5 hxg5 30. h3 b6 31. g4 Nf6 32. Nf2 Be7 33. Ne4 Kg6 34. Be5 Nd7 35. Bc7 Bf6 36.
Nxf6 gxf6 37. Ke4 a6 38. Kd5 f5 39. gxf5+ Kxf5 40. Kc6 Ke6 41. Bxb6 Ne5+ 42. Kxc5 Nd3+ 43. Kc6 Nf4 44. c5 Nxh3 45. Kb7 Nf4 46. c6 Nd5 47. c7 Ne7 48. c8=Q+ Nxc8 49. Kxc8 g4 50. Kb7 Kd5 51. Kxa6 1-0

[Event "Early-Titled-Tuesday-Blitz-March-05-2024"]
[Site "Chess.com"]
[Date "2024.03.05"]
[Round "9"]
[White "BogdanDeac"]
[Black "ValentunHulka"]
[Result "1-0"]
[WhiteElo "2986"]
[BlackElo "2769"]
[TimeControl "180+1"]
[EndTime "9:45:57 PST"]
[Termination "BogdanDeac won by resignation"]

1. d4 d5 2. c4 e6 3. Nf3 Nf6 4. g3 dxc4 5. Bg2 Nbd7 6. Nfd2 Nb6 7. Nxc4 Nxc4 8. Qa4+ c6 9. Qxc4 Be7 10. O-O O-O 11.
Nc3 Nd5 12. Rd1 Bd7 13. Ne4 Rc8 14. Nc5 b6 15. Nxd7 Qxd7 16. e4 Nf6 17. Bf4 c5 18. dxc5 Qe8 19. b4 bxc5 20. b5 Nd7 21. a4 Bf6 22. Rab1 Bd4 23. Bd6 e5 24. Bxf8 Nxf8 25. a5 Rb8 26. Bh3 Qd8 27. Qa4 c4 28. Rbc1 Qf6 29. Rxd4 exd4 30. Qxc4 Qe5 31. Bf1 Ne6 32.
Qd5 Qf6 33. Qd7 Qd8 34. Qxa7 d3 35. Rd1 d2 36. Rxd2 Qxd2 37. Qxb8+ Nf8 38. a6 Qd6 39.
Qxd6 1-0